 Dungeon Crawl Stone Soup version 0.30-a0-1160-g6e42c06551 (webtiles) character file.

Game seed: 6853535278103214745

63 Chudface the Scratcher (level 3, -1/16 HPs)
             Began as a Felid Transmuter on Apr 25, 2023.
             Succumbed to a kobold's poison
             ... on level 3 of the Dungeon.
             The game lasted 00:04:46 (1672 turns).

Chudface the Scratcher (Felid Transmuter)           Turns: 1672, Time: 00:04:47

Health: -1/16      AC:  1    Str:  8    XL:     3   Next: 87%
Magic:  7/7        EV: 18    Int: 14    God:
Gold:   57         SH:  0    Dex: 16    Spells: 0/6 levels left
                                        Lives:  0   Deaths: 0

rFire   . .          .
                       - Unarmed
rCold   . . .        (shield unavailable)
rNeg    . . .        (body armour unavailable)
rPois   .            (helmet unavailable)
rElec   .            (cloak unavailable)
rCorr   .            (gloves unavailable)
SInv    +            (boots unavailable)
Will    .....        (no amulet)
Stlth   +            (no ring)
HPRegen 0.22/turn    (no ring)
MPRegen 0.10/turn

%: no passive effects
@: mighty, lethally poisoned (-1 -> -7), appendages (expiring), quick
A: horns 2, very small, claws 1, fangs 3, see invisible, speed 1, shaggy fur 1,
stealthy paws, no weapons or thrown items, no armour, multi-lived
a: End Transformation


You were on level 3 of the Dungeon.
You had temporarily grown beastly horns.
You visited 1 branch of the dungeon, and saw 3 of its levels.

You collected 57 gold pieces.

Inventory:

Scrolls
 c - a scroll of vulnerability {unknown}
 h - a scroll of poison
 j - a scroll of fog {unknown}
 k - 2 scrolls of amnesia {unknown}
 l - a scroll of teleportation {unknown}
 m - 2 scrolls of blinking
 n - a scroll of torment {unknown}
Potions
 a - a potion of lignification
 b - 2 potions of resistance
 d - a potion of might
 e - a potion of haste {unknown}
 f - a potion of magic {unknown}
 i - a potion of heal wounds {unknown}


   Skills:
 - Level 1.6 Fighting
 - Level 3.3 Dodging
 - Level 3.3 Unarmed Combat
 - Level 2.0 Spellcasting
 + Level 3.2 Transmutations
 + Level 1.1 Poison Magic


You couldn't memorise any spells.
You knew the following spells:

 Your Spells              Type           Power      Damage    Failure   Level
a - Beastly Appendage     Tmut           20%        N/A       6%          1
b - Wereblood             Tmut           10%        N/A       10%         2
c - Spider Form           Tmut/Pois      7%         N/A       28%         3

Your spell library contained the following spells:

 Spells                   Type           Power      Damage    Failure   Level
 Passwall                 Tmut/Erth      4%         N/A       19%         2
 Ensorcelled Hibernation  Hex/Ice        2%         N/A       34%         2
 Swiftness                Air            1%         N/A       56%         3
 Ice Form                 Ice/Tmut       5%         N/A       77%         4
 Summon Forest            Summ/Tloc      0%         N/A       100%        5
 Eringya's Noxious Bog    Tmut/Pois      3%         N/A       100%        6
 Summon Hydra             Summ           0%         N/A       100%        7


Dungeon Overview and Level Annotations

Branches:
Dungeon (3/15)

Altars:

Shops:
D:1 [

Annotations:
D:2 exclusion: downstairs


Innate Abilities, Weirdness & Mutations

You have temporarily grown beastly horns.
You have sharp claws.
You have razor-sharp teeth.
You have supernaturally acute eyesight. (SInv)
You cover ground quickly. (Speed+)
You are covered in fur. (AC +1)
Your paws help you pounce on unaware monsters.
You are incapable of wielding weapons or throwing items.
You cannot wear armour.
You gain extra lives every three experience levels.


Message History

You kill the goblin!
No target in view!
HP restored.
An adder comes into view.
Casting: Wereblood (safe; 10% risk of failure)
Confirm with . or Enter, or press ? or * to list all spells.
You grow a pair of large bovine horns.
The adder misses you.
You miss the adder. Your headbutt misses the adder. Your claw misses the adder.
The adder misses you.
You barely miss the adder. Your headbutt misses the adder. The adder bites you.
You are poisoned.
The adder poisons you!
You barely miss the adder.
You feel sick. The adder closely misses you.
A kobold comes into view.
It is wielding a +0 club and quivering poisoned darts.
You scratch the adder. You bite the adder.
The adder is heavily wounded.
The adder misses you.
You scratch the adder.
The adder is heavily wounded.
You feel sick. The adder bites you. x2
You are too injured to fight recklessly!
You miss the adder. You bite the adder.
The adder is severely wounded.
You feel sick. The adder completely misses you.
You scratch the adder.
You kill the adder!
You feel sick.
Your Poison Magic skill increases to level 1!
You feel sick.
You are no longer poisoned.
You see here an adder corpse.
Your transformation is almost over.
The kobold throws a poisoned dart.
The poisoned dart hits you!
You are lethally poisoned!
* * * LOW HITPOINT WARNING * * *
You feel sick.
It was a potion of might.
You feel very mighty all of a sudden.
You die...

#......# #........#
#####.##
#.#.....########### #.#
#.#......†......... #.#
#.#.....###########
########.# #.#..........#
.........####.#.....####.#
#######.............#
########........#######
...............@.......
................#######
#####
########.......†.......
#...# #.........K...##
#...#
#.#####.#......#####...#
#.# #.#..............##
#.# #.#......####......
#.. #. .####.##........ ..
.# .##.#....#.


You could see a kobold.

Vanquished Creatures
  An adder (D:3)
  A worm (D:3)
  2 dart slugs (D:1)
  An orc (D:3)
  3 endoplasms
  3 giant cockroaches
  3 goblins
  5 hobgoblins
  4 jackals (D:1)
  4 kobolds
  5 ball pythons
  5 bats
  2 frilled lizards (D:1)
  4 rats
43 creatures vanquished.

Notes
Turn   | Place    | Note
-------+----------+-------------------------------------------
     0 | D:1      | Chudface the Felid Transmuter began the quest for the Orb.
     0 | D:1      | Reached XP level 1. HP: 9/9 MP: 4/4
   110 | D:1      | Reached XP level 2. HP: 8/12 MP: 4/6
   120 | D:1      | Learned a level 2 spell: Wereblood
   250 | D:1      | Found Depiki's Antique Armour Emporium.
   716 | D:1      | Reached XP level 3. HP: 16/16 MP: 5/7
  1221 | D:2      | Learned a level 3 spell: Spider Form
  1669 | D:3      | Reached skill level 1 in Poison Magic
  1672 | D:3      | Succumbed to a kobold's poison

Illustrated notes

Levels and vault maps discovered:
D:1:      giann_forest_graveyard, layout_loops_cross, serial_shops, shop,
          corexii_hall_statues_deadend, minmay_tripent
D:2:      layout_loops_cross, nicolae_ecumenical_lake_church, minmay_vboxes
D:3:      layout_basic

Skill      XL: |  1  2  3 |
---------------+----------+-----
Dodging        | 3 |  3.3
Transmutations | 3 |  3.2
Poison Magic   | 1 |  1.1
Fighting       | |  1.6
Unarmed Combat | |  3.3
Spellcasting   | |  2.0

Action                     || total
---------------------------++-------
  Melee: Unarmed           ||   109
         Headbutt          ||    17
         Bite              ||    17
         Punch             ||     2
   Cast: Beastly Appendage ||    21
         Wereblood         ||     3
    Use: Scroll            ||     4
         Potion            ||     1
   Stab: Sleeping          ||     2
 Armour: Skin              ||     5
  Dodge: Dodged            ||    85

Table legend: (Time is in decaauts)
 A = Elapsed time spent in this place.
 B = Non-inter-level travel time spent in this place.
 C = Inter-level travel time spent in this place.
 D = Time resting spent in this place.
 E = Time spent auto-exploring this place.
 F = Levels seen in this place.
 G = Mean time per level.
                   A        B        C        D        E       F      G
               +--------+--------+--------+--------+--------+-----+--------+
         Total |   1415 |   1341 |     74 |     25 |    962 |   3 |  471.7 |
       Dungeon |   1415 |   1341 |     74 |     25 |    962 |   3 |  471.7 |
               +--------+--------+--------+--------+--------+-----+--------+

Top non-repeatable levels by time:
     D:1: 666 daAuts
     D:2: 443 daAuts
     D:3: 305 daAuts
